AoeStats
← dj4301028

Arena

510109213Analyzed
1v1 RM · 3d ago on Sep 29, 2026· 24m 11s· 2 players
Game mode
Random Map
Map size
Tiny (2 player)
Population
200
Speed
Normal
Resources
Standard
Victory
Conquest
Starting age
Dark Age
Ending age
Imperial Age
RankedLock teamsTeams togetherTeam positionsShared explorationLock speedFull tech treeHidden civsTurbo modeCheats
Victory
Defeat
🇹🇼 Turks · Taiwan
984
+19
🇧🇷 Byzantines · Brazil
1040
-19
Madrags
11:32 Feudal Age
9:48 Loom
15:56 Castle Age
15:47 Double-Bit Axe
17:17 Bow Saw
21:51 Redemption
dj4301028
11:30 Feudal Age
13:11 Double-Bit Axe
16:20 Castle Age
14:07 Loom
14:16 Gold Mining
14:29 Horse Collar
17:16 Bow Saw
21:20 Heavy Plow
25:40 Imperial Age
Connection lost

Rejoining the realm…

Still unreachable

The connection could not be restored.

Session expired

The server has moved on; the page needs a fresh start.